 Dungeon Crawl Stone Soup version 0.17-a0-622-g12d63cc (webtiles) character file.

47965 BluebellGnoll the Spry (level 14, -1/72 HPs)
             Began as a Spriggan Assassin on Apr 16, 2015.
             Was the Champion of Okawaru.
             Slain by a harpy simulacrum (8 damage)
             ... in an ice cave.
             The game lasted 02:21:53 (26130 turns).

BluebellGnoll the Spry (Spriggan Assassin)         Turns: 26130, Time: 02:21:53

Health: -1/72      AC: 11    Str:  7    XL:     14   Next: 10%
Magic:  22/22      EV: 36    Int: 16    God:    Okawaru [******]
Gold:   1448       SH:  0    Dex: 19    Spells: 0 memorised, 13 levels left

rFire  x . .     SeeInvis +     O - +2 short sword (elec)
rCold  + . .     Clarity  .     L - +2 robe {rN+}
rNeg   + . .     SustAb   .     (shield restricted)
rPois  +         Gourm    .     X - +1 hat
rElec  .         Spirit   .     s - +1 cloak {rPois}
rCorr  .         Warding  .     (gloves unavailable)
rMut   .         Stasis   .     (boots unavailable)
MR     ++...                    U - amulet of regeneration
Stlth  +++++++++.               h - ring of ice
                                l - +4 ring of protection

@: very quick, very resistant to hostile enchantments, incredibly stealthy
A: unfitting armour, see invisible, herbivore 3, speed 3, slow metabolism 2
a: Heroism, Finesse, Renounce Religion


You were in an ice cave.
You worshipped Okawaru.
Okawaru was exalted by your worship.
You were not hungry.

You visited 4 branches of the dungeon, and saw 20 of its levels.
You also visited: Sewer, Ice Cave and Volcano.

You collected 1448 gold pieces.

Inventory:

Hand weapons
 a - a +3 dagger of venom
 b - a +0 blowgun
 M - a +4 short sword
 O - a +2 short sword of electrocution (weapon)
Missiles
 e - 86 poisoned needles
 n - 519 stones
 K - a throwing net
 N - 4 needles of frenzy
 P - 9 tomahawks (quivered)
Armour
 s - a +1 cloak of poison resistance (worn)
 L - a +2 robe of positive energy (worn)
 X - a +1 hat (worn)
Jewellery
 c - an uncursed ring of stealth
 h - a ring of ice (right hand)
 l - a +4 ring of protection (left hand)
 G - an uncursed ring of protection from fire
 R - an uncursed ring of flight
 U - an amulet of regeneration (around neck)
Magical devices
 d - a wand of polymorph (11)
 f - a wand of invisibility (1)
 v - a wand of disintegration (14)
 z - a wand of cold (5)
 C - a wand of paralysis (6)
 E - a wand of lightning (8)
 H - a wand of confusion (19)
Scrolls
 i - 3 scrolls of fog
 o - 8 scrolls of remove curse
 q - 11 scrolls of teleportation
 y - a scroll of identify
Potions
 j - a potion of might {unknown}
 k - 15 potions of curing
 m - 3 potions of berserk rage {unknown}
 p - a potion of resistance {unknown}
 u - 7 potions of heal wounds
 w - a potion of experience {unknown}
 x - 2 potions of haste
 A - 3 potions of cancellation
 B - a potion of flight
 D - a potion of magic {unknown}
 S - a potion of agility {unknown}
 Z - 2 potions of lignification
Books
 t - Mantim's Guide on Cold
   (You found it in an ice cave)

   Spells                             Type                      Level
   a - Ice Form                       Ice/Transmutation            4
   b - Bolt of Cold                   Conjuration/Ice              6
   c - Simulacrum                     Ice/Necromancy               6
Miscellaneous
 r - a crystal ball of energy
 F - a lamp of fire
 J - a stone of tremors
Comestibles
 g - 16 bread rations


   Skills:
 - Level 7.1 Fighting
 - Level 10.3 Short Blades
 - Level 2.1 Throwing
 - Level 20.7 Dodging
 + Level 20.7 Stealth
 - Level 6.3 Invocations
 - Level 10.0 Evocations


You had 13 spell levels left.
You didn't know any spells.

Dungeon Overview and Level Annotations

Branches:
Dungeon (11/15)            Temple (1/1) D:5            Lair (7/8) D:11
  Swamp (1/5) Lair:5       Spider (0/5) Lair:3        Slime (0/6) Lair:6
    Orc (0/4) D:10

Altars:
Ashenzari
Cheibriados
Dithmenos
Elyvilon
Fedhas
Gozag
Kikubaaqudgha
Makhleb
Nemelex Xobeh
Okawaru
Qazlal
Ru
Sif Muna
Trog
Vehumet
Xom
Yredelemnul
Zin
The Shining One

Annotations:
D:4 Menkaure


Innate Abilities, Weirdness & Mutations

You are tiny and cannot use many weapons and most armour.
You have supernaturally acute eyesight.
You are a herbivore.
You cover ground extremely quickly.
You need consume almost no food.


Message History

You hit the ettin simulacrum but do no damage.
There is a sudden explosion of sparks!
You hit the ettin simulacrum.
There is a sudden explosion of sparks!
The ettin simulacrum completely misses you.
The ettin simulacrum hits you!!!
Ouch! That really hurt!
The ettin simulacrum freezes you! You resist.
You hit the ettin simulacrum.
The ettin simulacrum vapourises!
Okawaru accepts your kill.
No target in view!
You start resting.
The harpy simulacrum completely misses you.
The harpy simulacrum claws you!
* * * LOW HITPOINT WARNING * * *
The harpy simulacrum freezes you! You resist.
* * * LOW HITPOINT WARNING * * *
The harpy simulacrum completely misses you. x2
You puncture the harpy simulacrum! The harpy simulacrum claws you!
You die...

##..# #.§.#
##.#######
#..#≈≈#§§##
#.##≈≈#..§#
#.##≈≈#§..#
##..###.⌠.#
##...#...#
######Z@....#
##..#####...###
##....## #..##.###
#.##...####......##
##..##..#
##..#...##
##..###.##
##.###..## #..##
##.########.§.#
#.## #...##≈≈≈##..#
##.# ##...##≈≈≈#§.#


You could see a harpy simulacrum.

Vanquished Creatures
  Rupert (Lair:7)
  Maud (Lair:5)
  4 hydras
  A catoblepas (Lair:6)
  5 death yaks
  An alligator (Swamp:1)
  An ice statue (IceCv)
  An ugly thing (D:11)
  A griffon (Lair:7)
  2 black mambas
  3 toenail golems (Volcano)
  5 elephants
  2 torpor snails
  13 komodo dragons
  10 spiny frogs
  A kobold demonologist (D:11)
  A freezing wraith (IceCv)
  A jumping spider (Lair:3)
  A spriggan druid (Lair:4)
  A fire drake (Lair:3)
  2 trolls (D:11)
  3 polar bears
  A raven (Lair:7)
  A trapdoor spider zombie (D:10)
  A bog body (Swamp:1)
  4 blink frogs (Lair:6)
  Sigmund (D:4)
  7 humans
  A dire elephant simulacrum (IceCv)
  A wraith (D:9)
  29 yaks
  A steam dragon (D:10)
  4 hippogriffs
  A harpy simulacrum (IceCv)
  5 insubstantial wisps (Swamp:1)
  A soldier ant (D:11)
  22 wolves
  16 swamp worms
  4 hydra simulacra (IceCv)
  A swamp drake (Swamp:1)
  6 orc warriors
  A black bear (D:10)
  9 water moccasins
  An iron troll simulacrum (IceCv)
  An ettin simulacrum (IceCv)
  3 phantoms
  2 ice beasts (D:8)
  4 sky beasts
  4 ogres
  2 boring beetles
  9 porcupines
  3 centaurs
  3 brain worms (Lair:6)
  A big kobold (Sewer)
  10 crocodiles
  14 giant frogs
  2 gnoll sergeants (D:8)
  12 wights
  5 scorpions
  15 killer bees
  2 swamp dragon simulacra (IceCv)
  An electric eel (Lair:5)
  2 centaur zombies
  8 hounds
  A giant frog zombie (D:10)
  5 crimson imps
  A quasit (D:8)
  A centaur skeleton (D:11)
  18 orc wizards
  2 giant frog skeletons
  4 draconian simulacra (IceCv)
  5 orc priests
  12 iguanas
  5 worker ants
  5 troll simulacra (IceCv)
  A polar bear simulacrum (IceCv)
  21 sheep
  A centaur simulacrum (IceCv)
  2 hound zombies
  10 gnolls (D:8)
  19 river rats
  16 adders
  4 shadow imps
  4 naga simulacra (IceCv)
  An ogre simulacrum (IceCv)
  4 white imps (IceCv)
  3 ufetubi (IceCv)
  2 adder zombies
  An ooze (D:6)
  3 adder skeletons
  9 worms
  2 giant geckos
  48 orcs
  A ball python (D:6)
  17 bats
  A bat skeleton (D:5)
  9 giant cockroaches
  13 hobgoblins
  13 jackals
  21 kobolds
  4 quokkas
  2 giant gecko skeletons (D:4)
  2 giant newts
  7 goblins
  A jackal skeleton (D:8)
  A quokka skeleton (D:8)
  A quokka zombie (D:5)
  16 rats
  A rat zombie (D:9)
  A plant (Lair:2)
603 creatures vanquished.

Vanquished Creatures (others)
  A baby alligator (Swamp:1)
  A raven (Swamp:1)
  3 white imps (IceCv)
  An ufetubus (IceCv)
  A giant spore (D:9)
  2 ballistomycetes (D:9)
9 creatures vanquished.

Grand Total: 612 creatures vanquished

Notes
Turn   | Place    | Note
--------------------------------------------------------------
     0 | D:1      | BluebellGnoll, the Spriggan Assassin, began the quest for the Orb.
     0 | D:1      | Reached XP level 1. HP: 10/10 MP: 2/2
     7 | D:1      | Reached skill level 6 in Stealth
   226 | D:1      | Reached XP level 2. HP: 14/14 MP: 3/3
   369 | D:1      | Reached skill level 7 in Stealth
   925 | D:2      | Reached XP level 3. HP: 16/18 MP: 4/4
  1382 | D:3      | Reached skill level 8 in Stealth
  1538 | D:3      | Found a sparkling altar of Nemelex Xobeh.
  1596 | D:3      | Found a glowing drain.
  1620 | D:3      | Reached XP level 4. HP: 13/22 MP: 5/5
  1832 | Sewer    | Entered a sewer
  1893 | Sewer    | Noticed a big kobold
  2091 | Sewer    | Killed a big kobold
  2091 | Sewer    | Reached skill level 9 in Stealth
  2091 | Sewer    | Reached XP level 5. HP: 21/25 MP: 6/6
  2135 | Sewer    | Found a white marble altar of Elyvilon.
  2501 | D:3      | Reached skill level 10 in Stealth
  2919 | D:3      | Reached XP level 6. HP: 30/30 MP: 7/7
  2993 | D:4      | Noticed an ogre
  3008 | D:4      | Killed an ogre
  3054 | D:4      | Noticed Sigmund
  3275 | D:4      | Killed Sigmund
  3275 | D:4      | Reached skill level 5 in Short Blades
  3275 | D:4      | Reached XP level 7. HP: 33/33 MP: 8/8
  3713 | D:4      | Noticed Menkaure
  3996 | D:4      | Reached skill level 5 in Dodging
  4137 | D:5      | Entered Level 5 of the Dungeon
  4195 | D:5      | Found a staircase to the Ecumenical Temple.
  4229 | Temple   | Entered the Ecumenical Temple
  4766 | D:5      | Found an opulent altar of Gozag.
  5221 | D:5      | Reached XP level 8. HP: 29/37 MP: 9/9
  5361 | D:5      | Found a stormy altar of Qazlal.
  5838 | D:6      | Found a bloodstained altar of Trog.
  6069 | D:6      | Reached skill level 11 in Stealth
  7126 | D:7      | Reached skill level 10 in Dodging
  7187 | D:7      | Reached skill level 12 in Stealth
  7262 | D:7      | Reached XP level 9. HP: 41/41 MP: 10/10
  7471 | D:7      | Found a sacrificial altar of Ru.
  8015 | D:8      | Reached skill level 5 in Evocations
  8156 | D:8      | Found a basalt altar of Yredelemnul.
  8562 | D:8      | Reached skill level 13 in Stealth
  9216 | D:8      | Reached skill level 14 in Stealth
  9397 | D:8      | Found an iron altar of Okawaru.
  9405 | D:8      | Became a worshipper of Warmaster Okawaru
  9770 | D:8      | Reached XP level 10. HP: 46/46 MP: 15/15
  9801 | D:8      | Identified 2 scrolls of acquirement
 10038 | D:9      | Acquired Okawaru's first power
 11017 | D:10     | Entered Level 10 of the Dungeon
 11021 | D:10     | Reached skill level 15 in Dodging
 11270 | D:10     | Found a shimmering altar of Xom.
 11342 | D:10     | Reached skill level 16 in Dodging
 11373 | D:10     | Found a staircase to the Orcish Mines.
 11717 | D:10     | Reached skill level 17 in Dodging
 11931 | D:10     | Reached skill level 18 in Dodging
 12383 | D:11     | Found a staircase to the Lair.
 12506 | D:11     | Reached skill level 19 in Dodging
 12566 | D:11     | Reached XP level 11. HP: 49/49 MP: 16/16
 13204 | D:11     | Reached skill level 20 in Dodging
 13271 | D:11     | Noticed a white ugly thing
 13460 | D:11     | Killed a white ugly thing
 13721 | Lair:1   | Entered Level 1 of the Lair of Beasts
 13966 | Lair:1   | Received a gift from Okawaru
 14271 | Lair:1   | Noticed a five-headed hydra
 14279 | Lair:1   | Killed a five-headed hydra
 14279 | Lair:1   | Reached skill level 15 in Stealth
 14460 | Lair:1   | Received a gift from Okawaru
 15168 | Lair:2   | Acquired Okawaru's second power
 15168 | Lair:2   | Reached skill level 5 in Fighting
 15644 | Lair:2   | Received a gift from Okawaru
 15644 | Lair:2   | Reached XP level 12. HP: 63/63 MP: 17/17
 16563 | Lair:3   | Found a hole to the Spider Nest.
 16885 | Lair:3   | Noticed a five-headed hydra
 16892 | Lair:3   | Killed a five-headed hydra
 17982 | Lair:4   | Received a gift from Okawaru
 19132 | Lair:5   | Found a staircase to the Swamp.
 20193 | Lair:6   | Noticed a catoblepas
 20199 | Lair:6   | Killed a catoblepas
 20200 | Lair:6   | Noticed Maud
 20280 | Lair:5   | Killed Maud
 20280 | Lair:5   | Reached XP level 13. HP: 30/67 MP: 19/19
 20957 | Lair:6   | Found a staircase to the Slime Pits.
 22001 | Lair:6   | Received a gift from Okawaru
 22236 | Lair:7   | Noticed Rupert
 22457 | Lair:7   | Reached skill level 10 in Short Blades
 22725 | Lair:7   | Found a dark tunnel.
 22745 | Lair:7   | Reached skill level 10 in Evocations
 22763 | Volcano  | Entered a volcano
 22768 | Volcano  | Reached skill level 1 in Invocations
 23656 | Lair:7   | Reached skill level 5 in Invocations
 23715 | Lair:7   | Killed Rupert
 24354 | Lair:6   | Received a gift from Okawaru
 24460 | Swamp:1  | Entered Level 1 of the Swamp
 25106 | Swamp:1  | Reached XP level 14. HP: 72/72 MP: 22/22
 25269 | Swamp:1  | Found a frozen archway.
 25278 | IceCv    | Entered an ice cave
 25501 | IceCv    | Identified Mantim's Guide on Cold
 25661 | IceCv    | HP: 2/72 [dire elephant simulacrum (21)]
 26130 | IceCv    | Slain by a harpy simulacrum

Action                   |  1- 3 |  4- 6 |  7- 9 | 10-12 | 13-15 || total
-------------------------+-------+-------+-------+-------+-------++-------
Melee: Dagger            |    75 |    69 |   410 |   896 |   490 ||  1940
       Short sword       |       |       |       |   120 |   253 ||   373
 Fire: Blowgun           |       |    33 |   155 |   170 |    14 ||   372
Throw: Stone             |       |       |    27 |    10 |       ||    37
       Tomahawk          |       |       |       |     3 |     6 ||     9
Invok: Heroism           |       |       |       |       |     1 ||     1
       Finesse           |       |       |       |       |     1 ||     1
 Abil: Evoke Flight      |       |       |       |       |     2 ||     2
Evoke: Wand              |       |       |    16 |    23 |    28 ||    67
  Use: Scroll            |       |     3 |    11 |     7 |     9 ||    30
       Potion            |       |     3 |       |       |     1 ||     4
 Stab: Sleeping          |    16 |     6 |    39 |    79 |    58 ||   198
       Distracted        |       |     4 |     5 |    12 |     6 ||    27
       Paralysed         |       |       |     2 |     5 |     2 ||     9
       Confused          |       |       |     5 |     8 |     2 ||    15
       Invisible         |       |       |       |       |     2 ||     2
  Eat: Fruit             |     3 |       |     4 |       |       ||     7
       Pizza             |     1 |       |       |     8 |       ||     9
       Royal jelly       |       |       |       |       |     2 ||     2
